[Event "*** Titled Tuesday Blitz"]
[Site "Chess.com"]
[Date "2019.02.05"]
[Round "7"]
[White "Blitzstream"]
[Black "ElGasanov"]
[Result "0-1"]
[WhiteElo "2556"]
[BlackElo "2718"]
[TimeControl "180+2"]
[EndTime "14:42:28 PST"]
[Termination "ElGasanov won by resignation"]

1. g3 g6 2. Bg2 Bg7 3. d3 c5 4. e3 Nc6 5. Ne2 e5 6. b3 Nge7 7. Bb2 d5 8. Nd2 O-O 9. h3 Be6 10. a3 Qd7 11. e4 f5 12. exd5 Bxd5 13. O-O Rad8 14. Nc4 Bxg2 15. Kxg2 f4 16. Kh2 Nf5 17. Nc3 Ncd4 18. a4 b6 19. Ne4 Qc6 20. g4 Nh4 21.
Bxd4 exd4 22. f3 Rde8 23. Qd2 h6 24. Rae1 g5 25. Qf2 Re7 26. Re2 a6 27. Ned6 Re3 28. Ne4 Nxf3+ 29. Kh1 Ne5 30. Nxe3 dxe3 31. Qg1 c4 32.
bxc4 Nxc4 33. Ree1 Nd2 34. Qg2 f3 35. Rxf3 Nxf3 36.
Rxe3 Nh4 37. Qe2 Bd4 38. Rg3 b5 39. axb5 axb5 40. c3 Be5 41. Re3 Bf4 42. Qa2+ Kh8 43. Re1 Bb8 44. c4 bxc4 45. Qxc4 Qxc4 46. dxc4 Re8 47.
Rb1 Rxe4 48. Rxb8+ Kg7 49. Rc8 Ng6 50. c5 Rc4 51.
Rc7+ Kf6 52. Rc6+ Kf7 53. Rc7+ Ne7 54. Kg2 Ke6 55. Kf3 Rc3+ 56. Ke4 Rxh3 57. Ra7 Rh4 58. Ra6+ Kf7 59. Ke5 Rxg4 60. Ra7 Rc4 61. Kd6 Rd4+ 62. Kc7 g4 63. Kb6 Ke6 64. Ra3 h5 65. Re3+ Kd7 66. Re5 Rd5 67. c6+ Ke8 68. Re1 Rd6 69. Kb7 Rxc6 70. Re5 Rh6 0-1

[Event "*** Titled Tuesday Blitz"]
[Site "Chess.com"]
[Date "2019.02.05"]
[Round "7"]
[White "MartinMatthiesen"]
[Black "GMsKoRPioN"]
[Result "1/2-1/2"]
[WhiteElo "2504"]
[BlackElo "2554"]
[TimeControl "180+2"]
[EndTime "14:42:29 PST"]
[Termination "Game drawn by agreement"]

1. d4 g6 2. Nf3 d6 3. c4 Bg7 4. Nc3 Nf6 5. e4 O-O 6. h3 e5 7. d5 a5 8. Be3 Nfd7 9. g4 f5 10. gxf5 gxf5 11. exf5 Nc5 12. Rg1 Kh8 13.
Ng5 Bxf5 14. Bxc5 dxc5 15. Bd3 e4 16. Ncxe4 Na6 17. a3 Bxb2 18. Ra2 Bg7 19. Ne6 Bxe6 20. dxe6 Qh4 21. Qg4 Qxg4 22. Rxg4 Rae8 23. Ng5 h6 24. Rh4 Rf6 25. Re2 Nb8 26. Ne4 Rfxe6 27. Nxc5 Rxe2+ 28. Bxe2 b6 29. Nd3 Nc6 30. Kf1 Nd4 31. Bd1 Rf8 32. Kg2 c5 33. Re4 Rd8 34. Nf4 Bf6 35.
Nd5 Rg8+ 36. Kf1 Bd8 37. a4 Rf8 38. f4 Nf5 39. Kg2 Nd6 40. Re6 Nxc4 41. Rxh6+ Kg7 42.
Re6 Kf7 43. Bg4 Rg8 44. Rh6 Rg6 45. Rh7+ Rg7 46. Rxg7+ Kxg7 47. Kf3 Nb2 48. Nc3 Bf6 49. Nd5 Bd8 50. Bd7 Nd3 51. Ke4 Nb4 52. Nxb4 cxb4 53. Be6 Kf6 54. Bb3 Be7 55. Bc2 Bf8 56. Kd5 Bc5 57.
h4 Be3 58. Ke4 Bc5 59. h5 Bf8 60. Kd5 Bh6 61. Kc6 Bxf4 62. Kxb6 Bd2 63. Bb3 Kg5 64. Kxa5 Kxh5 65. Kb5 Kg5 66. a5 Be3 67. a6 1/2-1/2

[Event "*** Titled Tuesday Blitz"]
[Site "Chess.com"]
[Date "2019.02.05"]
[Round "7"]
[White "MFguimaraes"]
[Black "riconaipe"]
[Result "0-1"]
[WhiteElo "2280"]
[BlackElo "2427"]
[TimeControl "180+2"]
[EndTime "14:42:29 PST"]
[Termination "riconaipe won by checkmate"]

1. e4 c6 2. d4 d5 3. Nd2 dxe4 4.
Nxe4 Bf5 5. Ng3 Bg6 6. Nf3 Nd7 7. h4 h6 8. h5 Bh7 9. Bd3 Bxd3 10. Qxd3 e6 11. Bd2 Ngf6 12. Rh4 Be7 13. Kf1 O-O 14. Re1 Qc7 15. Ne4 Nxe4 16. Rhxe4 Nf6 17. R4e2 Nxh5 18.
g4 Nf6 19. Ne5 Bd6 20. g5 hxg5 21. Bxg5 Nh7 22. Bd2 Bxe5 23. Rxe5 Rad8 24. Rh5 g6 25. Bh6 gxh5 26. Ke2 Qh2 27. Rh1 Qe5+ 28. dxe5 Rxd3 29. cxd3 Re8 30. Rxh5 f6 31. Bf4 Kg7 32. exf6+ Nxf6 33. Be5 Kg6 34. Rh1 Nd7 35. Rg1+ Kf5 36. Bd6 e5 37. Rg7 Ke6 38. Bb4 c5 39. Bc3 b5 40. a3 Rc8 41.
Rg6+ Kd5 42. Ra6 Rc7 43. Ba5 Rb7 44. Bd8 c4 45. Be7 Nb6 46. dxc4+ bxc4 47. Ra5+ Ke6 48.
Bc5 Nd5 49. Ra6+ Kf5 50. Rxa7 Rxb2+ 51. Ke1 Nf4 52. Be3 Nd3+ 53. Kf1 c3 54. Rc7 c2 55.
Kg2 Ra2 56. a4 Nb4 57. Rc4 Nd5 58. Kf3 e4+ 59. Kg3 Ke5 60. Bd4+ Kf5 61. Rc5 Ke6 62. a5 Nb4 63. Be3 Nd3 64. Rc4 Kd5 65. Rd4+ Ke5 66. Rc4 Ne1 67. Rc5+ Ke6 68. Rc6+ Kd5 69. Rc5+ Kd6 70.
Rc4 Kd5 71. Rd4+ Ke5 72. Rc4 Nd3 73. f4+ exf3 74. Kxf3 Ra3 75. Rxc2 Ne1+ 76. Ke2 Nxc2 77. Bd2 Nd4+ 78. Kf2 Nc6 79. Ke2 Nxa5 80. Kd1 Kd4 81.
Kc2 Kc4 82. Bc1 Rh3 83. Kb1 Rh2 84. Bf4 Rg2 85. Kc1 Kd3 86. Kd1 Rg1# 0-1

[Event "*** Titled Tuesday Blitz"]
[Site "Chess.com"]
[Date "2019.02.05"]
[Round "7"]
[White "FelixBlohberger"]
[Black "Sebastian"]
[Result "0-1"]
[WhiteElo "2667"]
[BlackElo "2878"]
[TimeControl "180+2"]
[EndTime "14:42:38 PST"]
[Termination "Sebastian won by resignation"]

1. e4 c5 2. Nf3 d6 3. d4 cxd4 4. Nxd4 Nf6 5. Nc3 a6 6. Be3 e5 7. Nf3 Qc7 8. a4 Be6 9. Be2 Be7 10. Ng5 Bd7 11. O-O h6 12. Nf3 Be6 13. Nd5 Nxd5 14. exd5 Bf5 15. Bd3 Bxd3 16. Qxd3 Nd7 17. c4 O-O 18. a5 f5 19. Qe2 Bf6 20. Qc2 e4 21.
Nd4 Bxd4 22. Bxd4 Rae8 23. b4 Ne5 24. Bxe5 Rxe5 25. Rac1 f4 26. Rfe1 e3 27. fxe3 fxe3 28. Re2 Rf4 29. c5 Rxb4 30. cxd6 Qxc2 31. Rexc2 Rxd5 32. Re2 Rb3 33. Rce1 Rxd6 34. Rxe3 Rxe3 35. Rxe3 Rf6 36.
Re8+ Rf8 37. Re7 Rf7 38. Re8+ Kh7 39. Rb8 Kg6 40. Re8 Kf6 41. g3 Re7 42. Rf8+ Ke6 43. Kg2 Kd6 44. Kf3 Kc6 45. h4 Kb5 46. Rf5+ Kb4 47. Kg4 Re6 48. Rd5 Rg6+ 49. Kf4 Rf6+ 50. Ke4 g6 51. g4 Re6+ 52. Kf4 Ka4 53. h5 gxh5 54. gxh5 Re1 55. Kf5 Rg1 56. Kf6 Kb4 57. Re5 Rg2 58. Rd5 Ka4 59. Re5 Rg3 60. Rd5 Kb4 61. Re5 Rg8 62. Kf7 Rg4 63. Kf6 Rc4 64. Kg7 Rc6 65. Re7 b6 66. axb6 Rxb6 67. Kh7 a5 68. Rg7 a4 69. Rg6 Kb5 70. Rxb6+ Kxb6 71. Kxh6 a3 72. Kg7 a2 73. h6 a1=Q+ 74. Kg8 Qa2+ 75.
Kg7 Qb2+ 76. Kg8 Qb3+ 77. Kg7 Qc3+ 78. Kg8 Qc4+ 79. Kg7 Qd4+ 80. Kg8 Qd5+ 81. Kg7 Qg5+ 0-1

[Event "*** Titled Tuesday Blitz"]
[Site "Chess.com"]
[Date "2019.02.05"]
[Round "7"]
[White "GianmarcoVaR"]
[Black "Alopekos"]
[Result "0-1"]
[WhiteElo "2586"]
[BlackElo "2505"]
[TimeControl "180+2"]
[EndTime "14:42:38 PST"]
[Termination "Alopekos won by resignation"]

1. d4 Nf6 2. c3 g6 3. Bf4 Bg7 4. Nd2 O-O 5. e3 d6 6. Ngf3 Nfd7 7. h3 e5 8. Bh2 f5 9. Bc4+ Kh8 10. O-O Nc6 11. b4 Qf6 12. a4 g5 13. a5 a6 14. b5 axb5 15. Bxb5 g4 16. hxg4 fxg4 17. Ne1 Qh4 18. a6 Rf6 19. Bg3 Qh5 20. axb7 Bxb7 21. Rxa8+ Bxa8 22. Qa4 Nb6 23. Qa3 Rh6 24. f3 Rg6 25.
dxe5 gxf3 26. Rxf3 Nxe5 27. Bxe5 Bxe5 28. Be2 Qh2+ 29.
Kf1 Qh1+ 30. Kf2 Qh4+ 31. Kf1 Bxf3 32. Bxf3 Bg3 33. Nd3 Kg7 34. Qa7 Qe7 35. Qb7 Rf6 36.
Ne4 Rg6 37. Nf4 Bxf4 38. exf4 Qf7 39. f5 Qxf5 40. Qxc7+ Nd7 41. Nxd6 Qe6 42. Ne4 Qa6+ 43.
Kf2 Qb6+ 44. Qxb6 Nxb6 45. Ke3 Rc6 46. Kd4 Rc4+ 47. Ke5 Na4 48. Kd5 Rc7 49. Kd4 Kg6 50. c4 Kf5 51. c5 Kf4 52. Kd5 Rd7+ 53. Ke6 Rc7 54. Kd6 Rc8 55. c6 h5 56. Nf6 h4 57.
Nd5+ Kg3 58. Ne7 Rf8 59. Bd5 Nb6 60. Be4 Rf4 61. Ke5 Rxe4+ 62. Kxe4 Kxg2 63. Nd5 Nc8 64. Ke5 h3 65. Nf4+ Kg3 66. Ne2+ Kf2 67. Nf4 h2 68. Nd3+ Ke3 69. Ke6 h1=Q 0-1

[Event "*** Titled Tuesday Blitz"]
[Site "Chess.com"]
[Date "2019.02.05"]
[Round "7"]
[White "Kurai"]
[Black "MasterKroket"]
[Result "1-0"]
[WhiteElo "2484"]
[BlackElo "2384"]
[TimeControl "180+2"]
[EndTime "14:42:50 PST"]
[Termination "Kurai won by resignation"]

1. e4 c5 2. Nf3 e6 3. d4 cxd4 4. Nxd4 Nc6 5. Nc3 Qc7 6. g3 a6 7. Bg2 Nf6 8. O-O Nxd4 9. Qxd4 Bc5 10. Qd3 d6 11. Bf4 Nd7 12. Rad1 Ne5 13. Qe2 b5 14. Bc1 O-O 15. Kh1 Bb7 16. f4 Nd7 17. Qd3 Nf6 18. a3 Rfd8 19. b4 Bb6 20. h3 Rac8 21. Bb2 Qc4 22. Kh2 Qxd3 23. cxd3 Bd4 24. Rc1 e5 25. Ba1 Kf8 26. Bf3 Rc7 27. Ne2 Rxc1 28. Rxc1 Bxa1 29.
Rxa1 Rc8 30. Rc1 Rxc1 31. Nxc1 Nd7 32. Ne2 Nb6 33. Nc3 f5 34. Kg2 fxe4 35. Bxe4 d5 36. Bf3 exf4 37. gxf4 Ke7 38. Ne2 Na4 39. Kf2 Kd6 40.
Ke3 Bc8 41. h4 Bf5 42. Nd4 Bh3 43. Kd2 Bd7 44. Bd1 Nb6 45. Nb3 Bc8 46. Ke3 Nd7 47.
Kd4 Nf8 48. Nc5 Ne6+ 49. Nxe6 Bxe6 50. Bf3 h6 51. Bh5 Bd7 52. Bf7 Bc6 53. Bg8 Bb7 54.
Bf7 Bc6 55. Bh5 Bb7 56. Bd1 Bc6 57. Bc2 Bb7 58. a4 Bc6 59. a5 Bb7 60. Bd1 Bc6 61.
Bg4 Bb7 62. Bf5 Bc6 63. Bc8 Kc7 64. Bxa6 Kd6 65. Bc8 Kc7 66. Bh3 Kd6 67. Bf5 Bb7 68. Bh7 Bc6 69. Bg8 Bb7 70. Bf7 Bc6 71. Bg6 Bb7 72.
Be8 Ba6 73. Bh5 Bb7 74. Bg4 Bc6 75. Bc8 Kc7 76. Kc5 Be8 77. Be6 1-0

[Event "*** Titled Tuesday Blitz"]
[Site "Chess.com"]
[Date "2019.02.05"]
[Round "7"]
[White "nochewycandy"]
[Black "Samuray111"]
[Result "1/2-1/2"]
[WhiteElo "2345"]
[BlackElo "2593"]
[TimeControl "180+2"]
[EndTime "14:42:56 PST"]
[Termination "Game drawn - insufficient material"]

1. e4 c5 2. Nf3 g6 3. d4 cxd4 4. Qxd4 Nf6 5. Bb5 a6 6. Ba4 b5 7. Bb3 Nc6 8. Qe3 Bg7 9. h3 d6 10. a4 b4 11. c3 O-O 12. O-O Nd7 13. Bd5 Bb7 14. Bxc6 Bxc6 15. cxb4 Qb8 16. Qa3 Bxe4 17. Re1 Bxf3 18. Qxf3 Qxb4 19. Rxe7 Bxb2 20. Bxb2 Qxb2 21. Qc3 Qxc3 22. Nxc3 Nc5 23. Rd1 Rfd8 24. a5 Nb3 25. Rd5 Kf8 26. Rb7 Nc5 27. Rb6 Ke7 28. Ne2 Rab8 29.
Nd4 Rxb6 30. axb6 Kd7 31. Nc2 Rb8 32. Ne3 Rxb6 33. Nc4 Rc6 34. Rd1 Kc7 35. Ne3 a5 36. Ra1 a4 37. Kf1 Ra6 38. Ke2 Nb3 39. Ra3 Nd4+ 40.
Kd3 Nb5 41. Nd5+ Kd7 42. Rxa4 Rxa4 43. Nb6+ Kc6 44. Nxa4 d5 45. Nb2 Kc5 46. Nd1 Nc7 47. Ne3 Ne6 48. g3 Kd6 49. Ng4 Nc5+ 50. Kd4 Ne6+ 51. Kd3 h5 52. Nf6 Nc5+ 53. Kd4 Nb3+ 54. Kd3 Ke6 55. Ne8 Ke7 56. Nc7 Nc5+ 57. Ke3 Kd6 58.
Nb5+ Ke5 59. f4+ Ke6 60. Nc3 Kd6 61. g4 h4 62. Nb5+ Kc6 63. Nd4+ Kd7 64. Nf3 Ne6 65. Nxh4 Kd6 66. Ng2 Kc5 67. f5 gxf5 68. gxf5 Ng7 69. Nh4 Kc4 70. f6 d4+ 71. Ke4 Nh5 72. Nf3 Nxf6+ 73. Kf5 Nh5 74. Kg5 Ng3 75. Kf6 Kd5 76. Nxd4 Kxd4 77. Kxf7 Ke4 78. h4 Kf4 79. h5 Nxh5 1/2-1/2

[Event "*** Titled Tuesday Blitz"]
[Site "Chess.com"]
[Date "2019.02.05"]
[Round "7"]
[White "xberli"]
[Black "StephenDedalus83"]
[Result "1/2-1/2"]
[WhiteElo "2547"]
[BlackElo "2704"]
[TimeControl "180+2"]
[EndTime "14:43:08 PST"]
[Termination "Game drawn by repetition"]

1. e4 c5 2. Nf3 d6 3. d4 cxd4 4. Nxd4 Nf6 5. Nc3 g6 6. Be3 Bg7 7.
f3 O-O 8. Qd2 Nc6 9. O-O-O d5 10. Nxc6 bxc6 11. Bh6 Rb8 12. h4 Bxh6 13. Qxh6 Qa5 14. e5 Nh5 15. Bd3 Qb4 16. g4 Qf4+ 17.
Qxf4 Nxf4 18. Ne2 Nxd3+ 19. Rxd3 Ba6 20. Rd2 Bxe2 21. Rxe2 e6 22. h5 Rb7 23. c3 Rfb8 24.
g5 c5 25. Rh4 a5 26. Ra4 Rb5 27. Rd2 c4 28. h6 Kf8 29. Kb1 Ke7 30. Kc1 R8b6 31.
Kb1 Rc6 32. Kc2 Rcb6 33. Kc1 Ke8 34. Kb1 Rc6 35. Kc2 Rbc5 36. f4 Kd7 37. Rd4 Kc7 38.
Kc1 Kb6 39. Ra3 Kb5 40. Kc2 a4 41. Kc1 Rc7 42. Kc2 Rb7 43. b3 axb3+ 44. axb3 cxb3+ 45. Rxb3+ Kc6 46. Rxb7 Kxb7 47. Rb4+ Kc7 48. Kd3 Ra5 49.
Kd4 Ra6 50. c4 dxc4 51. Rxc4+ Kb7 52. Rb4+ Kc7 53. Rc4+ Kb7 54. Ke4 Ra1 55. Rd4 Kc7 56. Rc4+ Kb7 57. Kd4 Rd1+ 58. Kc5 Rd5+ 59. Kb4 Rd3 60.
Kc5 Rd5+ 61. Kb4 Kb6 62. Rc8 Rd4+ 63. Kc3 Rxf4 64. Rh8 Rf5 65. Rxh7 Rxe5 66. Rxf7 Rxg5 67. Rf6 Kc5 68. Rxe6 Kd5 69. Ra6 Rg3+ 70. Kd2 g5 71. h7 Rh3 72. Ra7 Ke4 73. Ke2 Rh2+ 74. Kf1 g4 75. Kg1 g3 76. Rf7 Ke3 77. Rg7 Kf3 78. Rf7+ Ke3 79. Re7+ Kf3 80. Rf7+ Ke3 81. Ra7 Kf3 82.
Rg7 Kf4 83. Rf7+ Kg4 84. Rg7+ Kf3 85. Rf7+ Kg4 86. Rg7+ Kf3 87. Rf7+ Ke3 88. Rb7 Rh5 89. Kg2 Kf4 90. Rb4+ Ke3 91. Rb3+ Ke4 92. Rb7 Kf4 93.
Rf7+ Kg4 94. Rg7+ Kf4 95. Rf7+ Kg4 96. Rg7+ Kf4 97. Rf7+ 1/2-1/2

[Event "*** Titled Tuesday Blitz"]
[Site "Chess.com"]
[Date "2019.02.05"]
[Round "7"]
[White "Ali_rastbod"]
[Black "OparinGrigoriy"]
[Result "1/2-1/2"]
[WhiteElo "2664"]
[BlackElo "2919"]
[TimeControl "180+2"]
[EndTime "14:43:10 PST"]
[Termination "Game drawn by repetition"]

1. c4 Nf6 2. Nc3 c5 3. g3 e6 4.
Nf3 b6 5. Bg2 Bb7 6. O-O Be7 7. d4 cxd4 8. Qxd4 O-O 9. Rd1 d6 10. b3 Nbd7 11. Ba3 Nc5 12. Qf4 Qb8 13.
g4 d5 14. Qxb8 Raxb8 15. cxd5 Nxd5 16. Nxd5 Bxd5 17. Nd4 Bxg2 18. Kxg2 Rbc8 19. Rac1 Rfd8 20. e3 Kf8 21. f4 Ke8 22. Kf3 h6 23. Nb5 a6 24.
Rxd8+ Rxd8 25. Nc7+ Kd7 26. Bxc5 Bxc5 27. Nxa6 Bd6 28.
b4 Rc8 29. Rxc8 Kxc8 30. Ke4 Kd7 31. a4 g5 32. h3 Kc6 33. b5+ Kd7 34. f5 Ke7 35. fxe6 Kxe6 36. Kd4 f5 37. gxf5+ Kxf5 38. Kd5 Bg3 39. Nb4 h5 40. e4+ Kg6 41. Nd3 g4 42. h4 Bxh4 43. a5 bxa5 44. b6 Bd8 45. b7 Bc7 46. Nc5 Bb8 47. Nd7 Ba7 48. Ne5+ Kh7 49. Nc6 g3 50. Nxa7 g2 51. b8=Q g1=Q 52. Qc7+ Qg7 53. Qb6 h4 54. Nc6 h3 55. Qf2 Qg8+ 56.
Ke5 Qg5+ 57. Kd6 Qh6+ 58. Kc5 h2 59. Qf7+ Qg7 60. Qh5+ Qh6 61. Qf7+ Kh8 62. Ne5 Qg5 63. Kd6 h1=Q 64. Ng6+ Qxg6+ 65. Qxg6 a4 66. Qf6+ Kh7 67.
Qf7+ Kh8 68. Qf6+ Kh7 69. Qf7+ Kh6 70. Qf6+ Kh7 71. Qf7+ Kh6 72. Qf6+ Kh7 73. Qf7+ 1/2-1/2

[Event "*** Titled Tuesday Blitz"]
[Site "Chess.com"]
[Date "2019.02.05"]
[Round "7"]
[White "mishanick"]
[Black "Peng_Li-Min"]
[Result "0-1"]
[WhiteElo "2986"]
[BlackElo "2690"]
[TimeControl "180+2"]
[EndTime "14:43:17 PST"]
[Termination "Peng_Li-Min won by checkmate"]

1. d4 Nf6 2. c4 g6 3. Nc3 d5 4. cxd5 Nxd5 5. e4 Nxc3 6. bxc3 Bg7 7. Nf3 c5 8. Rb1 O-O 9. Be2 Nc6 10. d5 Ne5 11.
Nxe5 Bxe5 12. Qd2 e6 13. f4 Bg7 14. O-O exd5 15. exd5 b6 16. c4 Bf5 17. Bd3 Bd4+ 18.
Kh1 Qf6 19. Qc2 Rfe8 20. Rb3 Bxd3 21. Qxd3 Qf5 22. Qxf5 gxf5 23. Rg3+ Kf8 24. Rh3 Kg7 25. Rh5 Kg6 26. Rg5+ Kf6 27. Bd2 h6 28. Rg3 Re2 29. Rd3 Rg8 30. g3 h5 31. Re1 Rge8 32. Rf1 Rg8 33. Re1 Rge8 34. Rf1 h4 35. gxh4 Rg8 36.
Be1 Rgg2 37. Bg3 Rxa2 38. h5 Rge2 39. d6 Ke6 40. h6 Kxd6 41. Bf2 Re8 42. Bxd4 cxd4 43.
Rxd4+ Kc5 44. Rd5+ Kxc4 45. Rxf5 Rh8 46. Rh5 b5 47. Rc1+ Kd3 48. Rb1 a6 49. h7 Rc2 50.
Rg1 Rcc8 51. Rg7 b4 52. Rxf7 Rb8 53. Rd7+ Kc4 54. Rc7+ Kd4 55. Rd7+ Kc4 56. Rc7+ Kd4 57. f5 b3 58. Rd7+ Ke4 59. Re7+ Kd4 60. Rh4+ Kc5 61. Re1 Rb7 62. Rb1 a5 63. Ra4 Rb5 64. Rh4 Rb4 65. Rh5 Kd6 66. f6 Ke6 67. Rf1 b2 68.
Rb1 a4 69. Rh6 a3 70. f7+ Kxf7 71. Ra6 Rb3 72. Ra7+ Kg6 73. Rg1+ Kh6 74. Ra6+ Kh5 75. Ra5+ Kh4 76. Ra4+ Kh3 77. Rb1 Rc3 78. Rg1 Rxh7 79. Ra8 a2 80. Rxa2 Rb3 81. Rb1 Rc7 82. Raxb2 Rxb2 83. Ra1 Rbc2 84. Ra3+ R7c3 85. Ra8 Rc1# 0-1

[Event "*** Titled Tuesday Blitz"]
[Site "Chess.com"]
[Date "2019.02.05"]
[Round "7"]
[White "arctic_t00"]
[Black "ZeroRealtorFade"]
[Result "1-0"]
[WhiteElo "2354"]
[BlackElo "2245"]
[TimeControl "180+2"]
[EndTime "14:43:20 PST"]
[Termination "arctic_t00 won by resignation"]

1. d4 Nf6 2. Nf3 c5 3. d5 d6 4. Nc3 g6 5. e4 Bg7 6. Bc4 O-O 7. O-O a6 8. a4 Nbd7 9. h3 Rb8 10. Re1 Nb6 11.
Bf1 Na8 12. Bf4 Nd7 13. Qd2 Nc7 14. a5 b5 15. axb6 Rxb6 16. Ra2 Nb5 17. Nxb5 axb5 18. Bh6 Nf6 19. b4 Qc7 20. Bxg7 Kxg7 21. Rb2 Bd7 22.
Qe3 Ra8 23. Nd2 Ra4 24. c3 Ra3 25. Qf4 Rxc3 26. g4 cxb4 27. Rxb4 Qc5 28. Reb1 Rc1 29. Nf3 Rxb1 30. Rxb1 b4 31. g5 Nh5 32. Qd2 Kg8 33.
Nd4 Rb8 34. Rc1 Qb6 35. Nc6 Bxc6 36. dxc6 Rc8 37. Be2 Ng7 38. Qd5 Ne6 39. Bg4 Kg7 40. Bxe6 fxe6 41. Qxe6 Qc7 42. f4 Ra8 43. Rb1 Ra3 44.
f5 Qa7+ 45. Kg2 Ra2+ 46. Kh1 Ra3 47. f6+ exf6 48. Qxf6+ Kg8 49. Qd8+ Kg7 50. Qd7+ Qxd7 51. cxd7 Ra8 52. Rxb4 Kf7 53. Rc4 Rd8 54. Rc7 Ke7 55.
Kg2 Rxd7 56. Rc8 Ra7 57. Kf3 Ke6 58. Re8+ Kf7 59. Rh8 Kg7 60. Rd8 Ra3+ 61. Kg4 Ra6 62. Rd7+ Kg8 63. h4 Rb6 64. Kf4 Ra6 65. Ke3 Ra3+ 66. Kd4 Rh3 67. Rxd6 Rxh4 68. Ke5 Rg4 69. Kf6 Rf4+ 70. Ke5 Rg4 71. Kf6 Rf4+ 72. Ke5 Rf7 73. Rd8+ Kg7 74. Ke6 Ra7 75. e5 h6 76. Rd7+ Rxd7 77.
Kxd7 hxg5 78. e6 1-0

[Event "*** Titled Tuesday Blitz"]
[Site "Chess.com"]
[Date "2019.02.05"]
[Round "7"]
[White "VeraNebolsina"]
[Black "KRASAVCHIK2002"]
[Result "1/2-1/2"]
[WhiteElo "2373"]
[BlackElo "2286"]
[TimeControl "180+2"]
[EndTime "14:43:23 PST"]
[Termination "Game drawn - insufficient material"]

1. e4 c5 2. Nc3 Nc6 3. Bb5 Nd4 4. Nf3 Nxb5 5. Nxb5 d6 6. d4 cxd4 7. Qxd4 a6 8. Nc3 e5 9. Qd3 Be7 10. Nd5 Be6 11.
O-O Nf6 12. Nxe7 Qxe7 13. Bg5 O-O 14. Bxf6 gxf6 15. Rad1 Rac8 16. b3 Rc6 17. c4 Rfc8 18. Nh4 b5 19. cxb5 axb5 20. Qxb5 Rc2 21. a4 Qc7 22.
Rd3 Rc3 23. Rfd1 Bxb3 24. Nf5 Bxd1 25. Rxd1 Rc1 26. Rf1 Rxf1+ 27. Qxf1 Kf8 28. h4 Qc1 29.
Nxd6 Qxf1+ 30. Kxf1 Ra8 31. Ke2 Rxa4 32. Kf3 Ra3+ 33.
Kg4 Rd3 34. Nf5 Rd2 35. Kg3 h5 36. f3 Kg8 37. Ne7+ Kg7 38. Nd5 f5 39. Ne7 fxe4 40. fxe4 Rd3+ 41. Kf2 Kf6 42. Nf5 Ra3 43. Ng3 Kg6 44. Nf5 f6 45. Ne7+ Kf7 46. Nf5 Ra4 47.
Kf3 Ra3+ 48. Kf2 Rb3 49. Ng3 Ke6 50. Nxh5 Rb2+ 51. Kf3 Rb3+ 52. Kg4 Rb4 53. Kf3 Rb3+ 54. Kg4 Rb4 55. Kf3 Rb3+ 56. Kg4 Re3 57. Ng3 Rb3 58. h5 Rb8 59. Nf5 Rg8+ 60. Kh3 Rg5 61. g4 Rg8 62. Kh4 Rb8 63. h6 Kf7 64. Kh5 Rb1 65. Nd6+ Ke6 66. Kg6 Kxd6 67. Kxf6 Rh1 68. Kg7 Rh4 69. g5 Rxe4 70. h7 Rh4 71. Kh8 e4 72. g6 e3 73. g7 e2 74. g8=Q e1=Q 75.
Qd8+ Kc6 76. Qc8+ Kb5 77. Qb7+ Ka4 78. Qa6+ Kb3 79. Qb5+ Kc2 80. Qf5+ Kb3 81. Qd5+ Kc2 82. Qf5+ Kd1 83. Qb1+ Kd2 84. Qxe1+ Kxe1 85. Kg8 Rxh7 86.
Kxh7 1/2-1/2

[Event "*** Titled Tuesday Blitz"]
[Site "Chess.com"]
[Date "2019.02.05"]
[Round "7"]
[White "VerdeNotte"]
[Black "Al_Shima"]
[Result "1/2-1/2"]
[WhiteElo "2831"]
[BlackElo "2536"]
[TimeControl "180+2"]
[EndTime "14:43:55 PST"]
[Termination "Game drawn - insufficient material"]

1. a3 c5 2. e4 Nc6 3. Nf3 e6 4. Nc3 d5 5. exd5 exd5 6. Bb5 Qe7+ 7. Qe2 Qxe2+ 8. Kxe2 Be6 9. d4 c4 10. Ne5 Rc8 11.
Bf4 Ne7 12. Rhe1 Ng6 13. Bg3 Nxe5 14. Bxe5 a6 15. Bxc6+ bxc6 16. Na4 c5 17. Nxc5 Bxc5 18. dxc5 Rxc5 19. Bxg7 Rg8 20. Bd4 Rb5 21. g3 Rg4 22. f4 h5 23. Kf3 Kd7 24. Re5 f5 25. Kg2 Rg6 26. Kh3 Rg4 27. Rae1 Rg6 28. Kh4 Rb8 29.
R5e3 Rbg8 30. Kxh5 Kd6 31. Be5+ Kd7 32. Bc3 Kd6 33.
Bb4+ Kd7 34. Re5 Rf6 35. Rxe6 Rxe6 36. Rxe6 Kxe6 37. Bc3 Kf7 38. Bd4 Rg6 39. Be5 Rg8 40.
Kh4 Kg6 41. Kh3 Rd8 42. Bd4 Re8 43. Be5 Rd8 44. Kg2 d4 45. Kf2 d3 46. cxd3 Rxd3 47.
Ke2 Rb3 48. Bc3 Kh5 49. Ke3 Rb8 50. Kd4 Rc8 51. h3 Rg8 52. Be1 Re8 53. Ba5 Re4+ 54.
Kd5 Re3 55. g4+ fxg4 56. hxg4+ Kxg4 57. Kxc4 Re4+ 58. Kc5 Kxf4 59. Kb6 Re6+ 60. Kb7 Ke4 61. Bb6 Kd5 62. Kxa6 Kc4 63. Kb7 Kb5 64. Bd4 Re7+ 65.
Kb8 Rd7 66. Bc3 Rd3 67. Kc7 Rd1 68. Kb7 Rd3 69. Bb4 Rd7+ 70. Kc8 Rh7 71. Kd8 Rf7 72. Ke8 Rh7 73. Be7 Rh2 74. Bf6 Rh7 75. Bc3 Rb7 76.
Kf8 Rd7 77. Bf6 Rb7 78. Be7 Ka4 79. Bf6 Rc7 80. Ke8 Rh7 81. Be5 Rh3 82. Kd7 Rb3 83. Kc6 Rb5 84. Bc3 Rh5 85. Kd6 Rf5 86. Be5 Rh5 87. Kd5 Rg5 88. Kd4 Kb3 89. Ke4 Rg4+ 90.
Kd3 Rg5 91. Bc3 Rg3+ 92. Kd4 Rg4+ 93. Kd5 Rh4 94. Bf6 Rh5+ 95. Be5 Rg5 96. Kd6 Rg6+ 97. Kd7 Ra6 98. Kc7 Rxa3 99. bxa3 Kxa3 1/2-1/2

[Event "*** Titled Tuesday Blitz"]
[Site "Chess.com"]
[Date "2019.02.05"]
[Round "7"]
[White "Parhamov"]
[Black "HomayoonTofighi"]
[Result "1-0"]
[WhiteElo "2977"]
[BlackElo "2750"]
[TimeControl "180+2"]
[EndTime "14:43:59 PST"]
[Termination "Parhamov won by resignation"]

1. e4 e6 2. d4 d5 3. e5 c5 4. c3 Nc6 5. Nf3 Qb6 6. a3 Nh6 7.
Bd3 cxd4 8. O-O Bd7 9. b4 a6 10. Ra2 dxc3 11. Nxc3 Rc8 12. Na4 Qc7 13. Bxh6 gxh6 14.
Rc2 Bg7 15. Nc5 O-O 16. Re1 Kh8 17. Rc1 Rg8 18. Bb1 Bf8 19. Qd3 Rg7 20. Qe3 Rg8 21. Nd3 Qd8 22. Nf4 f6 23. Nh5 f5 24. h3 Be8 25.
Nf4 Bf7 26. Bxf5 exf5 27. e6 Be8 28. Rcd1 Qf6 29. Nxd5 Qg7 30. g3 Ne7 31. Nh4 Qg5 32.
Qxg5 Rxg5 33. Nb6 Rc6 34. Nd7 Bg7 35. Ng2 Rc3 36. Nc5 Bf6 37. Rd8 Rg8 38. Nxb7 Rxa3 39.
Nd6 Bc6 40. Nf7+ Kg7 41. Nf4 Bf3 42. Rd7 h5 43. Nd6 Kh6 44. Rxe7 Bxe7 45. Nxf5+ Kg5 46.
Nxe7 Re8 47. Ned5 Bxd5 48. Nxd5 Kg6 49. Re5 h4 50. g4 Kg7 51. Kg2 Rd3 52. Nc7 Re7 53.
Nxa6 Kf6 54. Rf5+ Kg6 55. Nc5 Rd2 56. Re5 Rb2 57. Re4 Kf6 58. Nd7+ Kg7 59. Nc5 Kf6 60. Kf3 Ra7 61. Rf4+ Kg6 62. Nd3 Rb3 63. Ke4 Re7 64.
Ne5+ Kg7 65. Kd5 Rxh3 66. Kd6 Re8 67. e7 Rh1 68. Kd7 Ra8 69. e8=Q Rd1+ 70. Ke7 Rxe8+ 71. Kxe8 h3 72. Nf3 Rf1 73. Nh2 Rh1 74. Nf3 Rf1 75.
Nh2 Rh1 76. Rf7+ Kg6 77. Nf3 Rf1 78. Ne5+ Kg5 79. Rf5+ Kh6 80. Kf7 1-0

[Event "*** Titled Tuesday Blitz"]
[Site "Chess.com"]
[Date "2019.02.05"]
[Round "7"]
[White "Karina_Oparina"]
[Black "NMJeevanK"]
[Result "0-1"]
[WhiteElo "2187"]
[BlackElo "2352"]
[TimeControl "180+2"]
[EndTime "14:44:05 PST"]
[Termination "NMJeevanK won by resignation"]

1. Nf3 d5 2. g3 Nf6 3. Bg2 c5 4.
d4 cxd4 5. Nxd4 e5 6. Nb3 Nc6 7. O-O Be6 8. Nc3 Rc8 9. e4 d4 10. Ne2 Be7 11. f4 Bg4 12. fxe5 Nxe5 13. h3 Bxe2 14. Qxe2 O-O 15. Rd1 Qb6 16. Nxd4 Rfd8 17. c3 Bc5 18. Be3 Nc6 19. Qf2 Re8 20. b4 Bxd4 21.
Bxd4 Nxd4 22. Qxd4 Qxd4+ 23. Rxd4 Rxc3 24. e5 Rxe5 25. Bxb7 Rxg3+ 26. Kh2 Rge3 27. Rd8+ Re8 28. Rxe8+ Nxe8 29. a4 Nd6 30. Bc6 f5 31. Rd1 Ne4 32. Rd8+ Kf7 33. Rd7+ Kf6 34. Rxa7 Re2+ 35. Kg1 Ng5 36. Bg2 Ne6 37. a5 Rb2 38. Rb7 Nf4 39. Bf1 Rb1 40. Kf2 Rb2+ 41. Kf3 g5 42. a6 Nd5 43. a7 Ra2 44. b5 Ke5 45. b6 Nxb6 46. Rxb6 Rxa7 47. Rb5+ Kf6 48. Bd3 f4 49. Rf5+ Ke6 50. Rxg5 Ra3 51. Ke4 Ra4+ 52. Kf3 Ra3 53. Ke2 f3+ 54. Kd2 f2 55.
Bf1 Ra1 56. Ke2 Ra2+ 57. Kf3 Kf6 58. Rg4 h5 59. Rf4+ Kg5 60. Rf8 Ra3+ 61. Kg2 h4 62. Rxf2 Rg3+ 63. Kh2 Kg6 64. Rf4 Kg5 65. Be2 Kxf4 66.
Bf1 Ke3 67. Bg2 Kf2 68. Be4 Re3 69. Bg2 Ke1 70. Bd5 Re2+ 71. Bg2 Rd2 72. Kh1 Kf2 73. Kh2 Rd3 74. Be4 Re3 75. Bg2 Rg3 76. Be4 Rg5 77. Bc6 Kf1 78. Bf3 Rf5 79. Bg2+ Ke1 80. Be4 Rf1 81.
Kg2 Rf2+ 82. Kh1 Kf1 83. Bd5 Rd2 84. Be4 Kf2 85. Kh2 Ke3+ 86. Bg2 Kf4 87. Kh1 Kg3 88. Bf1 Rd1 89. Kg1 Rc1 0-1